 Dungeon Crawl Stone Soup version 0.30-a0-1161-g0704695555 (webtiles) character file.

Game seed: 18234514247129154753

929 qeuew the Slasher (level 7, -8/48 HPs)
             Began as a Demonspawn Gladiator on Apr 27, 2023.
             Mangled by Pikel
             ... wielding a +1 whip of freezing
              (10 damage)
             ... on level 5 of the Dungeon.
             The game lasted 00:05:27 (5261 turns).

qeuew the Slasher (Demonspawn Gladiator)            Turns: 5261, Time: 00:05:28

Health: -8/48      AC:  6    Str: 20    XL:     7   Next: 85%
Magic:  7/7        EV: 13    Int:  9    God:
Gold:   240        SH:  6    Dex: 17    Spells: 6/6 levels left

rFire   . . .        a - +0 long sword (freeze)
rCold   . . .        (no shield)
rNeg    . . .        b - +0 leather armour
rPois   .            c - +0 helmet
rElec   .            p - +1 cloak {Will+}
rCorr   .            (no gloves)
SInv    .            (no boots)
Will    +....        (no amulet)
Stlth   ++           g - +6 ring of strength
HPRegen 0.28/turn    (no ring)
MPRegen 0.10/turn

%: no passive effects
@: mighty, about to teleport
A: hooves 1, large bone plates 2, spiny 1, camouflage 1, frail 1, MP-powered
wands
a: no special abilities


You were on level 5 of the Dungeon.
You visited 1 branch of the dungeon, and saw 6 of its levels.

You collected 240 gold pieces.

Inventory:

Hand Weapons
 a - a +0 long sword of freezing (weapon)
Missiles
 d - 3 throwing nets (quivered)
 e - a javelin
Armour
 b - a +0 leather armour (worn)
 c - a +0 helmet (worn)
 p - a +1 cloak of willpower (worn)
Jewellery
 g - a +6 ring of strength (left hand)
Wands
 f - a wand of paralysis (5)
Scrolls
 h - 5 scrolls of identify
 i - 2 scrolls of teleportation
Potions
 j - a potion of brilliance
 k - 2 potions of haste
 l - a potion of cancellation
 o - 3 potions of resistance


   Skills:
 + Level 4.1 Fighting
 * Level 5.6 Long Blades
 + Level 3.6 Throwing
 + Level 2.9 Armour
 + Level 4.2 Dodging


You had 6 spell levels left.
You didn't know any spells.
Your spell library contained the following spells:

 Spells                   Type           Power      Damage    Failure   Level
 Magic Dart               Conj           0%         1d3       43%         1
 Sandblast                Erth           0%         2d4       43%         1
 Call Imp                 Summ           0%         N/A       56%         2
 Passwall                 Tmut/Erth      0%         N/A       56%         2
 Mephitic Cloud           Conj/Pois/Air  0%         N/A       80%         3
 Stone Arrow              Conj/Erth      0%         3d7       80%         3


Dungeon Overview and Level Annotations

Branches:
Dungeon (6/15)
 Temple: D:4-7

Altars:
Hepliaklqana

Annotations:
D:5 Pikel


Innate Abilities, Weirdness & Mutations

You have large cloven feet.
You are mostly covered in large bone plates. (SH +6)
You are partially covered in sharp spines.
Your skin changes colour to match your surroundings (Stealth+).
You are frail. (-10% HP)
You expend magic power (3 MP) to strengthen your wands.


Message History

Pikel hits you with a +1 whip of freezing.
* * * LOW HITPOINT WARNING * * *
Pikel freezes you.
* * * LOW HITPOINT WARNING * * *
You feel better. You block Pikel's attack. The lemure is struck by your spines.
The lemure barely misses you.
You feel very mighty all of a sudden.
Pikel hits you with a +1 whip of freezing!
* * * LOW HITPOINT WARNING * * *
Pikel freezes you.
* * * LOW HITPOINT WARNING * * *
The lemure hits you but does no damage.
You closely miss Pikel. Your kick misses Pikel.
Pikel is moderately wounded.
The lemure hits you.
* * * LOW HITPOINT WARNING * * *
You block Pikel's attack.
You closely miss Pikel.
Pikel is moderately wounded.
You block Pikel's attack. You block the lemure's attack.
You miss Pikel.
Pikel is moderately wounded.
Pikel hits you but does no damage. The lemure hits you but does no damage.
You barely miss Pikel. Your kick misses Pikel.
Pikel is moderately wounded.
Pikel hits you with a +1 whip of freezing.
* * * LOW HITPOINT WARNING * * *
Pikel freezes you.
* * * LOW HITPOINT WARNING * * *
You block the lemure's attack.
As you read the scroll of teleportation, it crumbles to dust.
You feel strangely unstable.
Pikel says, "You'll make a fine lemure."
Pikel is struck by your spines. Pikel closely misses you.
The lemure misses you.
Okay, then.
You slash Pikel! You freeze Pikel.
Pikel is severely wounded.
Pikel hits you with a +1 whip of freezing!
You die...

#.# #....................### #^#
#.#.##.###.########..### #.#
#...##.# #.............. #.#
##..##.###..#######...## #.#
##..#.#................
####.#######....#.#..##.#####..##
..##......###...#.#..##.#####..#
.?##...........................#
..##......#####.@....#..###.#..#
..#######.# #K5....#..# #.#..#
..# #.# #......#..###.#..# #.#
#.# #......#...##.##.# #)#
#.#####....#.#....#.##.#
#.#######..........####....###.#
#..................# ##..## #.#
#########..........# ♣...♣ #.#
#######..#.# ♣...♣ #.#


You could see Pikel and a lemure.

Vanquished Creatures
  Menkaure (D:4)
  A water moccasin (D:5)
  An ogre (D:4)
  A centaur (D:5)
  A lemure (D:5)
  A scorpion (D:4)
  Crazy Yiuf (D:5)
  A hound (D:5)
  4 iguanas
  4 orc wizards (D:5)
  9 adders
  A shadow imp (D:5)
  2 ufetubi
  4 dart slugs
  10 orcs
  4 bats
  9 endoplasms
  5 giant cockroaches
  9 goblins
  12 hobgoblins
  11 jackals
  15 kobolds
  5 quokkas
  7 ball pythons
  5 frilled lizards
  2 rats
126 creatures vanquished.

Notes
Turn   | Place    | Note
-------+----------+-------------------------------------------
     0 | D:1      | qeuew the Demonspawn Gladiator began the quest for the Orb.
     0 | D:1      | Reached XP level 1. HP: 16/16 MP: 1/1
    93 | D:1      | Gained mutation: You are partially covered in large bone
                  | plates. (SH +4) [demonic ancestry]
    93 | D:1      | Reached XP level 2. HP: 21/22 MP: 2/2
   203 | D:1      | Reached skill level 3 in Long Blades
   387 | D:1      | Gained mutation: You are partially covered in sharp spines.
                  | [demonic ancestry]
   387 | D:1      | Reached XP level 3. HP: 21/27 MP: 3/3
   804 | D:1      | Gained mutation: You are frail. (-10% HP) [potion of
                  | mutation]
   804 | D:1      | Gained mutation: Your skin changes colour to match your
                  | surroundings (Stealth+). [potion of mutation]
   804 | D:1      | Gained mutation: You expend magic power (3 MP) to
                  | strengthen your wands. [potion of mutation]
  1063 | D:2      | Reached skill level 1 in Armour
  1229 | D:2      | Reached XP level 4. HP: 30/30 MP: 4/4
  2408 | D:3      | Found a faded altar of an unknown god.
  2707 | D:3      | Gained mutation: You have large cloven feet. [demonic
                  | ancestry]
  2707 | D:3      | Reached XP level 5. HP: 33/35 MP: 5/5
  3060 | D:4      | Reached skill level 4 in Long Blades
  3397 | D:4      | Noticed an ogre
  3406 | D:4      | Killed an ogre
  3407 | D:4      | Reached XP level 6. HP: 23/42 MP: 6/6
  3479 | D:4      | Found a hazy altar of Hepliaklqana.
  3488 | D:4      | Noticed Menkaure
  3501 | D:4      | Killed Menkaure
  3991 | D:5      | Entered Level 5 of the Dungeon
  4051 | D:5      | Gained mutation: You are mostly covered in large bone
                  | plates. (SH +6) [demonic ancestry]
  4051 | D:5      | Reached XP level 7. HP: 45/46 MP: 7/7
  4335 | D:5      | Reached skill level 5 in Long Blades
  5122 | D:5      | Found a runed translucent door.
  5123 | D:5      | Noticed Crazy Yiuf
  5199 | D:5      | Killed Crazy Yiuf
  5237 | D:6      | Noticed Pikel
  5259 | D:5      | HP: 1/48 [Pikel/+1 whip of freezing (2)]
  5261 | D:5      | Mangled by Pikel

Illustrated notes

Levels and vault maps discovered:
D:1:      matt_arrival_debris, layout_basic, minmay_tree_intersection,
          minmay_ruptured
D:2:      minmay_evil_eye, layout_basic, minmay_distorted
D:3:      layout_basic, shapermc_ecumenical_altar_pompeii
D:4:      layout_layer_cave, kennysheep_mini_moat, uniq_menkaure
D:5:      layout_basic, dk_rats_in_the_wall, uniq_crazy_yiuf_cottage
D:6:      layout_basic, grunt_temple_overflow_open,
          mainiacjoe_overflow_divided_tiny, gammafunk_ghost_necromancy,
          uniq_pikel

Skill      XL: |  1  2  3  4  5  6  7 |
---------------+----------------------+-----
Throwing       | 2 3 |  3.6
Long Blades    | 3 4 5 |  5.6
Dodging        | 3 4 |  4.2
Armour         | 1 2 |  2.9
Fighting       | 3 4 |  4.1

Action                     |  1- 3 |  4- 6 |  7- 9 || total
---------------------------+-------+-------+-------++-------
  Melee: Long sword        |   106 |   124 |    59 ||   289
         Kick              |       |    12 |    22 ||    34
         Punch             |       |     1 |     2 ||     3
    Use: Potion            |     4 |     5 |     2 ||    11
         Scroll            |     3 |     8 |     3 ||    14
   Stab: Sleeping          |     4 |    11 |     2 ||    17
 Armour: Leather armour    |    40 |    24 |    16 ||    80
  Dodge: Dodged            |    76 |    60 |    34 ||   170
  Block: Other             |    13 |    27 |    14 ||    54

Table legend: (Time is in decaauts)
 A = Elapsed time spent in this place.
 B = Non-inter-level travel time spent in this place.
 C = Inter-level travel time spent in this place.
 D = Time resting spent in this place.
 E = Time spent auto-exploring this place.
 F = Levels seen in this place.
 G = Mean time per level.
                   A        B        C        D        E       F      G
               +--------+--------+--------+--------+--------+-----+--------+
         Total |   5331 |   5156 |    175 |      0 |   4358 |   6 |  888.5 |
       Dungeon |   5331 |   5156 |    175 |      0 |   4358 |   6 |  888.5 |
               +--------+--------+--------+--------+--------+-----+--------+

Top non-repeatable levels by time:
     D:5: 1275 daAuts
     D:2: 1222 daAuts
     D:4: 1145 daAuts
     D:1: 853 daAuts
     D:3: 828 daAuts
     D:6: 6 daAuts
